Map: Zen LE

Players

LowLinK - Winner!

  • Race: Protoss Protoss
  • League: Diamond
  • Spawn Location: 1:00

tCheLo

  • Race: Protoss Protoss
  • League: Diamond
  • Spawn Location: 7:00

VOD

Have the link to the VOD?

Description

Time

  • Played on: Feb. 20, 2020, 12:18 p.m.
  • Length: 4:51
Show
View Real Time Build Order
Export as new Build Order

LowLinK Protoss - Winner!

Build Orders:  

Get SALT Encoding   

  12  0:01  Probe  
  13  0:13  Probe  
  14  0:17  Pylon  
  14  0:25  Probe  
  15  0:35  Gateway  
  15  0:38  Probe (Chrono Boost)  
  16  0:47  Probe (Chrono Boost), Assimilator  
  17  0:52  Probe (Chrono Boost)  
  17  0:56  Assimilator  
  18  1:04  Probe  
  19  1:16  Probe  
  20  1:19  Pylon  
  20  1:24  Cybernetics Core  
  20  1:28  Probe  
  21  1:45  Gateway  
  21  1:47  Probe  
  21  1:52  Pylon  
  21  1:54  Warp Gate (Chrono Boost)  
  22  1:59  Probe  
  23  2:11  Gateway  
  23  2:17  Gateway  
  23  2:23  Gateway  
  23  2:33  Stalker  
  25  2:51  Pylon  
  25  2:55  Pylon  
  25  3:29  Sentry, Stalker x3  
  25  3:30  Stalker  
  35  3:48  Stalker  
  37  3:52  Stalker x3  
  43  3:58  Stalker  
  45  4:07  Stalker  
  41  4:29  Stalker x3  
  43  4:47  Stalker x2  
Show
View Real Time Build Order
Export as new Build Order

tCheLo Protoss 

Build Orders:  

Get SALT Encoding   

  12  0:01  Probe  
  13  0:13  Pylon  
  13  0:17  Probe  
  14  0:29  Probe (Chrono Boost)  
  14  0:31  Assimilator  
  15  0:40  Probe (Chrono Boost)  
  16  0:44  Gateway  
  16  0:46  Probe (Chrono Boost)  
  17  0:58  Probe  
  18  1:10  Probe  
  18  1:11  Assimilator  
  19  1:22  Probe  
  20  1:26  Pylon  
  20  1:32  Cybernetics Core  
  20  1:34  Probe  
  21  1:46  Probe  
  22  1:59  Probe  
  23  2:11  Probe  
  23  2:13  Robotics Facility  
  20  2:15  Warp Gate (Chrono Boost)  
  24  2:19  Stalker  
  24  2:20  Probe  
  26  2:24  Pylon  
  26  2:28  Probe  
  27  2:35  Pylon  
  28  2:37  Probe  
  28  2:41  Pylon  
  29  2:49  Probe  
  30  2:52  Stalker  
  32  2:59  Immortal (Chrono Boost)  
  32  3:04  Probe  
  37  3:18  Shield Battery  
  37  3:21  Probe  
  37  3:22  Stalker  
  40  3:31  Observer  
  40  3:32  Pylon  
  41  3:45  Nexus  
  41  3:51  Pylon  
  41  4:00  Stalker  
  41  4:30  Stalker  
Tags
 
Matchup
PvP
Spawn Locations
Cross Positions
Add a new tag
Caveats
  • Supply blocks, unpowered buildings, or Contaminate may cause inaccurate times.
  • Supply counts are checked every 10 seconds.